 Dungeon Sprint DCSS version 0.17-a0-1528-gfee3901 (webtiles) character file.

15130 ztt the Ninja (level 11, 0/53 HPs)
             Began as a Spriggan Enchanter on July 15, 2015.
             Was the Champion of Sif Muna.
             Slain by an azure jelly (44 damage)
             ... in the Dungeon (Sprint III: "The Ten Rune Challenge").
             The game lasted 00:15:43 (3964 turns).

ztt the Ninja (Spriggan Enchanter)                  Turns: 3964, Time: 00:15:43

Health: 0/53       AC:  4    Str:  4    XL:     11   Next: 97%
Magic:  32/32      EV: 24    Int: 20    God:    Sif Muna [******]
Gold:   6645       SH:  0    Dex: 17    Spells: 4 memorised, 30 levels left

rFire  . . .     SeeInvis +     a - +1 dagger
rCold  . . .     Clarity  .     b - +1 robe
rNeg   . . .     SustAt   .     (shield restricted)
rPois  .         Gourm    .     v - +0 hat
rElec  .         Spirit   .     n - +0 cloak
rCorr  .         Warding  .     (gloves unavailable)
rMut   .         NoTele   +     (boots unavailable)
MR     +....                    (no amulet)
Stlth  ++++++++++               (no ring)
                                (no ring)

@: very slightly contaminated, very quick, somewhat resistant to hostile
enchantments, uncannily stealthy
A: unfitting armour, see invisible, herbivore 3, speed 3, slow metabolism 2,
MP-powered wands
a: Channel Energy, Forget Spell, Renounce Religion


You were in the Dungeon.
You worshipped Sif Muna.
Sif Muna was exalted by your worship.
You were not hungry.

You visited 1 branch You collected 6645 gold pieces.

Inventory:

Hand weapons
 a - a +1 dagger (weapon)
Armour
 b - a +1 robe (worn)
 n - a +0 cloak (worn)
 v - a +0 hat (worn)
Magical devices
 s - a wand of digging (14)
Scrolls
 j - a scroll of blinking
 m - a scroll of immolation
 o - 4 scrolls of remove curse
Potions
 e - 4 potions of curing
 f - 3 potions of heal wounds
 g - a potion of haste
 h - 2 potions of magic
 i - a potion of berserk rage
 k - a potion of resistance
 p - a potion of brilliance {unknown}
 q - a potion of cure mutation
 r - a potion of flight {unknown}
Books
 c - a book of Maledictions

   Spells                             Type                      Level
   a - Corona                         Hexes                        1
   b - Ensorcelled Hibernation        Hexes/Ice                    2
   c - Confuse                        Hexes                        3
   d - Tukima's Dance                 Hexes                        3
   e - Dazzling Spray                 Conjuration/Hexes            3
 l - a book of Burglary

   Spells                             Type                      Level
   a - Swiftness                      Charms/Air                   2
   b - Passwall                       Transmutation/Earth          3
   c - Passage of Golubria            Translocation                4
   d - Lee's Rapid Deconstruction     Earth                        5
   e - Invisibility                   Hexes                        6
   f - Darkness                       Hexes                        7
 t - Sif Muna's Collected Works on Bewitchment
   (Sif Muna gifted it to you in the Dungeon)

   Spells                             Type                      Level
   a - Confusing Touch                Hexes                        2
   b - Slow                           Hexes                        2
   c - Tukima's Dance                 Hexes                        3
   d - Inner Flame                    Hexes/Fire                   3
   e - Spectral Weapon                Hexes/Charms                 3
   f - Summon Mana Viper              Hexes/Summoning              5
 u - Sif Muna's Guide on Beguiling
   (Sif Muna gifted it to you in the Dungeon)

   Spells                             Type                      Level
   a - Confusing Touch                Hexes                        2
   b - Tukima's Dance                 Hexes                        3
   c - Darkness                       Hexes                        7
   d - Discord                        Hexes                        8
Comestibles
 d - a bread ration


   Skills:
 + Level 3.7 Fighting
 + Level 5.4 Short Blades
 + Level 8.7 Dodging
 O Level 27 Stealth
 + Level 16.3 Spellcasting
 + Level 17.5 Hexes
 + Level 3.8 Ice Magic


You had 30 spell levels left.
You knew the following spells:

 Your Spells              Type           Power        Failure   Level  Hunger
a - Corona                Hex            ######.      0%          1    None
b - Confuse               Hex            ######..     0%          3    None
c - Ensorcelled Hibernat  Hex/Ice        ######       1%          2    None
d - Invisibility          Hex            ######..     1%          6    #####..


Dungeon Overview and Level Annotations

Branches:
Dungeon (1/1)

Altars:
Cheibriados
Dithmenos
Elyvilon
Fedhas
Gozag
Kikubaaqudgha
Makhleb
Nemelex Xobeh
Okawaru
Qazlal
Ru
Sif Muna
Trog
Vehumet
Xom
Yredelemnul
Zin
The Shining One
Jiyva
Lugonu

Shops:
D (


Innate Abilities, Weirdness & Mutations

You are tiny and cannot use many weapons and most armour.
You have supernaturally acute eyesight.
You are a herbivore.
You cover ground extremely quickly.
You need consume almost no food.
You expend magic power (3 MP) to strengthen your wands.


Message History

You continue putting on your hat. x3
You finish putting on your +0 hat.
Read which item? (? for menu, Esc to quit)
Unknown command.
You open the door.
The azure jelly quivers.
There is an open door here.
There is an open door here.
You see here a dire elephant corpse.
You see here a dire elephant corpse.
You completely miss the plant. You hit the plant but do no damage.
You see here a dire elephant corpse.
Things that are here:
a hand axe; the elephant slug corpse of Gastronok
There is an open door here.
You open the door. The azure jelly closely misses you.
The azure jelly hits you! The azure jelly freezes you!!!
Ouch! That really hurt!
You die...

▓......)..........#__
▓▓▓▓▓▓▓▓▓▓▓▓▓▓▓▓▓▓▓▓▓
▓.†.'.≈.≈≈≈≈≈≈♣♣....
▓..P#≈≈≈§§§≈≈.♣♣.≈≈≈
▓.PP#≈§≈≈§§§≈≈≈'...÷
▓.†P#≈§§§§§≈≈≈♣♣♣♣♣♣
▓.†)#≈≈§§≈≈≈≈≈♣
▓##'####+######
▓..@.......
▓#J######## ▓...#
▓...+ ▓JJ.# ▓J..#
#+###


You could see 4 azure jellies.

Vanquished Creatures
  Gastronok (D)
  Harold (D)
  2 dire elephants (D)
  Erolcha (D)
  2 orc high priests (D)
  2 deep elf summoners (D)
  2 deep elf knights (D)
  An orc knight (D)
  Joseph (D)
  An orc sorcerer (D)
  A deep elf conjurer (D)
  2 elephants (D)
  2 spiny frogs (D)
  A fire drake (D)
  3 wandering mushrooms (D)
  A deep elf priest (D)
  5 blink frogs (D)
  2 trapdoor spiders (D)
  A shadow (D)
  2 redbacks (D)
  2 hill giants (D)
  A spatial vortex (D)
  2 orc warriors (D)
  A swamp drake (D)
  A necrophage (D)
  3 two-headed ogres (D)
  A brain worm (D)
  A water elemental (D)
  A scorpion (D)
  A jelly (D)
  An orc wizard (D)
  An orc priest (D)
  Jessica (D)
  A necromancer (D)
  A wizard (D)
  A kobold demonologist (D)
  3 humans (D)
  An ooze (D)
  11 orcs (D)
  2 rats (D)
71 creatures vanquished.

Vanquished Creatures (others)
  2 draconian scorchers (D)
  A komodo dragon (D)
  3 yaktaurs (D)
  An orc high priest (D)
  An electric eel (D)
  2 orc priests (D)
  8 plants (D)
18 creatures vanquished.

Grand Total: 89 creatures vanquished

Notes
Turn   | Place    | Note
--------------------------------------------------------------
     0 | D        | ztt the Spriggan Enchanter began the quest for the Orb.
     0 | D        | Reached XP level 1. HP: 9/9 MP: 5/5
     4 | D        | Reached skill level 5 in Stealth
    10 | D        | Noticed Jessica
    13 | D        | Killed Jessica
    13 | D        | Reached skill level 8 in Stealth
    13 | D        | Reached skill level 5 in Hexes
    13 | D        | Reached XP level 2. HP: 13/13 MP: 7/7
    13 | D        | Reached XP level 3. HP: 16/16 MP: 8/8
    24 | D        | Learned a level 3 spell: Confuse
    27 | D        | Learned a level 2 spell: Ensorcelled Hibernation
    42 | D        | Killed a yaktaur
    57 | D        | Reached skill level 9 in Stealth
   120 | D        | Noticed a scorpion
   133 | D        | Killed a scorpion
   133 | D        | Reached skill level 11 in Stealth
   133 | D        | Reached XP level 4. HP: 21/21 MP: 3/11
   185 | D        | Killed a white draconian scorcher
   189 | D        | Killed a white draconian scorcher
   226 | D        | Killed a yaktaur
   354 | D        | Noticed a water elemental
   357 | D        | Killed a water elemental
   357 | D        | Reached skill level 12 in Stealth
   357 | D        | Reached XP level 5. HP: 24/24 MP: 13/13
   360 | D        | Found a glowing silver altar of Zin.
   360 | D        | Found a glowing golden altar of the Shining One.
   360 | D        | Found a white marble altar of Elyvilon.
   361 | D        | Noticed a deep elf priest
   363 | D        | Killed a deep elf priest
   363 | D        | Reached skill level 15 in Stealth
   363 | D        | Reached XP level 6. HP: 27/29 MP: 14/16
   388 | D        | Found an iron altar of Okawaru.
   388 | D        | Found a bloodstained altar of Trog.
   388 | D        | Noticed a human
   388 | D        | Noticed a human
   524 | D        | Killed a yaktaur
   568 | D        | Killed a human
   568 | D        | Reached skill level 5 in Dodging
   568 | D        | Reached skill level 16 in Stealth
   586 | D        | Killed a human
   586 | D        | Reached skill level 17 in Stealth
   586 | D        | Reached skill level 10 in Hexes
   586 | D        | Reached XP level 7. HP: 32/32 MP: 14/18
   615 | D        | Found a basalt altar of Yredelemnul.
   615 | D        | Found a snail-covered altar of Cheibriados.
   615 | D        | Found a blossoming altar of Fedhas.
   615 | D        | Noticed a necrophage
   615 | D        | Noticed a necromancer
   634 | D        | Killed a necromancer
   638 | D        | Killed a necrophage
   703 | D        | Noticed a jelly
   704 | D        | Noticed a shadow
   706 | D        | Killed a shadow
   706 | D        | Reached skill level 1 in Fighting
   706 | D        | Reached skill level 18 in Stealth
   710 | D        | Killed a jelly
   715 | D        | Found a stormy altar of Qazlal.
   715 | D        | Noticed a spatial vortex
   716 | D        | Killed a spatial vortex
   717 | D        | Found a sacrificial altar of Ru.
   717 | D        | Found a burning altar of Makhleb.
   717 | D        | Found a viscous altar of Jiyva.
   717 | D        | Found a shimmering altar of Xom.
   717 | D        | Found a shadowy altar of Dithmenos.
   717 | D        | Found a sparkling altar of Nemelex Xobeh.
   717 | D        | Found a corrupted altar of Lugonu.
   717 | D        | Found an opulent altar of Gozag.
   734 | D        | Found a radiant altar of Vehumet.
   734 | D        | Found a deep blue altar of Sif Muna.
   734 | D        | Found an ancient bone altar of Kikubaaqudgha.
   734 | D        | Noticed a wizard
   736 | D        | Killed a wizard
   736 | D        | Reached XP level 8. HP: 37/37 MP: 21/21
   742 | D        | Became a worshipper of Sif Muna the Loreminder
   762 | D        | Noticed a two-headed ogre
   762 | D        | Noticed a two-headed ogre
   766 | D        | Killed a two-headed ogre
   766 | D        | Reached skill level 19 in Stealth
   779 | D        | Killed a two-headed ogre
   815 | D        | Noticed an orc high priest
   817 | D        | Found Ofewygg's Weapon Emporium.
   817 | D        | Noticed an orc warrior
   817 | D        | Noticed an orc knight
   817 | D        | Noticed an orc sorcerer
   817 | D        | Noticed an orc priest
   817 | D        | Noticed an orc wizard
   817 | D        | Noticed an orc warrior
   859 | D        | Killed a two-headed ogre
   934 | D        | Killed an orc wizard
   956 | D        | Killed an orc priest
   981 | D        | Killed an orc warrior
  1108 | D        | Killed an orc sorcerer
  1108 | D        | Acquired Sif Muna's first power
  1108 | D        | Reached skill level 20 in Stealth
  1128 | D        | Killed an orc warrior
  1128 | D        | Acquired Sif Muna's second power
  1139 | D        | Killed an orc knight
  1139 | D        | Reached skill level 21 in Stealth
  1139 | D        | Reached skill level 10 in Spellcasting
  1139 | D        | Reached XP level 9. HP: 40/42 MP: 9/24
  1245 | D        | Noticed a deep elf summoner
  1245 | D        | Noticed a deep elf knight
  1245 | D        | Noticed a deep elf knight
  1245 | D        | Noticed a deep elf summoner
  1245 | D        | Noticed a deep elf conjurer
  1541 | D        | Killed a deep elf conjurer
  1560 | D        | Killed an orc high priest
  1560 | D        | Reached skill level 1 in Ice Magic
  1607 | D        | Noticed a demonic crawler
  1892 | D        | Killed a deep elf summoner
  1892 | D        | Acquired Sif Muna's third power
  1892 | D        | Reached skill level 22 in Stealth
  1975 | D        | Noticed a hill giant
  1979 | D        | Killed a hill giant
  1979 | D        | Reached XP level 10. HP: 46/46 MP: 23/27
  2204 | D        | Gained mutation: You occasionally shout uncontrollably at your foes. [potion of mutation]
  2204 | D        | Gained mutation: You are dopey. (Int -2) [potion of mutation]
  2205 | D        | Lost mutation: You are dopey. (Int -2) [potion of cure mutation]
  2205 | D        | Lost mutation: You occasionally shout uncontrollably at your foes. [potion of cure mutation]
  2206 | D        | Gained mutation: You have a pair of small antennae on your head. [potion of mutation]
  2206 | D        | Gained mutation: You are weak. (Str -2) [potion of mutation]
  2206 | D        | Lost mutation: You are weak. (Str -2) [potion of mutation]
  2207 | D        | Lost mutation: You have a pair of small antennae on your head. [potion of cure mutation]
  2278 | D        | Killed a deep elf knight
  2301 | D        | Killed a deep elf knight
  2481 | D        | Noticed a deep elf annihilator
  2512 | D        | Killed a deep elf summoner
  2512 | D        | Reached skill level 23 in Stealth
  2519 | D        | Noticed a hill giant
  2519 | D        | Noticed Erolcha
  2520 | D        | Noticed a redback
  2521 | D        | Noticed a trapdoor spider
  2531 | D        | Killed a hill giant
  2791 | D        | Killed Erolcha
  2791 | D        | Received a gift from Sif Muna
  2791 | D        | Reached skill level 15 in Hexes
  2800 | D        | Learned a level 6 spell: Invisibility
  2825 | D        | Killed a trapdoor spider
  2833 | D        | Killed a redback
  2838 | D        | Noticed a wandering mushroom
  2843 | D        | Noticed Joseph
  2845 | D        | Noticed Harold
  2859 | D        | Killed Joseph
  2865 | D        | Killed Harold
  2865 | D        | Reached skill level 24 in Stealth
  2865 | D        | Reached XP level 11. HP: 11/51 MP: 24/30
  3013 | D        | Killed an electric eel
  3100 | D        | Noticed an orc high priest
  3100 | D        | Noticed an orc high priest
  3151 | D        | Killed an orc priest
  3167 | D        | Noticed a trapdoor spider
  3170 | D        | Killed an orc high priest
  3174 | D        | Killed a trapdoor spider
  3184 | D        | Killed an orc priest
  3187 | D        | Killed an orc high priest
  3190 | D        | Noticed a wandering mushroom
  3196 | D        | Killed a wandering mushroom
  3196 | D        | Reached skill level 25 in Stealth
  3197 | D        | Noticed a wandering mushroom
  3202 | D        | Killed a wandering mushroom
  3209 | D        | Killed a wandering mushroom
  3209 | D        | Received a gift from Sif Muna
  3209 | D        | Reached skill level 15 in Spellcasting
  3210 | D        | Identified Sif Muna's Collected Works on Bewitchment (Sif Muna gifted it to you in the Dungeon)
  3216 | D        | Noticed a spiny frog
  3216 | D        | Noticed a komodo dragon
  3216 | D        | Noticed a spiny frog
  3243 | D        | Killed a spiny frog
  3244 | D        | Killed a spiny frog
  3246 | D        | HP: 2/51 [komodo dragon (25)]
  3499 | D        | Killed a komodo dragon
  3571 | D        | Noticed a redback
  3573 | D        | Killed a redback
  3577 | D        | Noticed a swamp drake
  3577 | D        | Noticed a fire drake
  3578 | D        | Killed a fire drake
  3580 | D        | Killed a swamp drake
  3585 | D        | Noticed a blink frog
  3587 | D        | Noticed a blink frog
  3587 | D        | Noticed a blink frog
  3590 | D        | Noticed a blink frog
  3635 | D        | Killed a blink frog
  3696 | D        | Noticed a blink frog
  3712 | D        | Killed a blink frog
  3715 | D        | Killed a blink frog
  3715 | D        | Reached skill level 26 in Stealth
  3723 | D        | Killed a blink frog
  3745 | D        | Killed a brain worm
  3820 | D        | Killed a blink frog
  3899 | D        | Gained mutation: You expend magic power (3 MP) to strengthen your wands. [mutagenic glow]
  3927 | D        | Noticed an elephant
  3928 | D        | Noticed an elephant
  3929 | D        | Noticed a dire elephant
  3929 | D        | Noticed a dire elephant
  3929 | D        | Noticed Gastronok
  3931 | D        | Killed an elephant
  3932 | D        | Killed an elephant
  3932 | D        | Reached skill level 5 in Short Blades
  3935 | D        | Killed a dire elephant
  3937 | D        | Killed a dire elephant
  3939 | D        | Killed Gastronok
  3939 | D        | Received a gift from Sif Muna
  3939 | D        | Reached skill level 27 in Stealth
  3943 | D        | Identified Sif Muna's Guide on Beguiling (Sif Muna gifted it to you in the Dungeon)
  3951 | D        | Noticed an azure jelly
  3951 | D        | Noticed an azure jelly
  3951 | D        | Noticed an azure jelly
  3952 | D        | Noticed an azure jelly
  3964 | D        | Slain by an azure jelly

Vault maps used:
D:        dungeon_sprint_mu

Action                   |  1- 3 |  4- 6 |  7- 9 | 10-12 || total
-------------------------+-------+-------+-------+-------++-------
Melee: Dagger            |    11 |     9 |    76 |    58 ||   154
 Cast: Confuse           |     3 |     3 |    33 |    25 ||    64
       Ensorcelled Hiber |       |       |     9 |    12 ||    21
       Invisibility      |       |       |       |     2 ||     2
  Use: Scroll            |       |     3 |       |       ||     3
       Potion            |       |       |       |     4 ||     4
 Stab: Sleeping          |     5 |     2 |     7 |    15 ||    29
       Confused          |     3 |     3 |    18 |    10 ||    34
       Distracted        |       |       |     1 |       ||     1
       Invisible         |       |       |       |     4 ||     4
  Eat: Royal jelly       |       |       |       |     2 ||     2
